[Event "Late Titled Tuesday Blitz February 8 2022"]
[White "Myers, Dominique"]
[Black "Goryachkina, Aleksandra"]
[WhiteFideId "2041715"]
[BlackFideId "4147103"]
[WhiteElo "1986"]
[BlackElo "2426"]
[Result "0-1"]
[Round "01"]
[TimeControl "180+1"]
[Date "2022.02.09"]
[WhiteClock "0:00:58"]
[BlackClock "0:00:46"]

1. e4 c5 2. Nf3 e6 3. d4 cxd4 4. Nxd4 Nf6 5. Nc3 Nc6 6. a3 d5 7. Nxc6 bxc6 8. Bd3 Be7 9. O-O O-O 10. Qf3 c5 11. Rd1 Bb7 12. exd5 exd5 13. Bg5 h6 14. Bxf6 Bxf6 15. Bc4 dxc4 16. Qxb7 Qb6 17. Qxb6 axb6 18. Rd6 Rfb8 19. a4 b5 20. Rad1 Bxc3 21. bxc3 bxa4 22. Ra1 a3 23. h4 a2 24. Kh2 Rb1 25. Rd1 Rxd1 0-1


[Site "https://www.chess.com"]

[Event "Late Titled Tuesday Blitz February 8 2022"]
[White "Nikologorsky, Matfei"]
[Black "Riehle, Marco"]
[WhiteFideId "24102474"]
[BlackFideId "12904392"]
[WhiteElo "2231"]
[BlackElo "2462"]
[Result "0-1"]
[Round "01"]
[TimeControl "180+1"]
[Date "2022.02.09"]
[WhiteClock "0:00:13"]
[BlackClock "0:01:41"]

1. e4 e5 2. Nf3 Nf6 3. Nxe5 Nxe4 4. Qe2 Qe7 5. Qxe4 d6 6. d4 dxe5 7. Qxe5 Qxe5+ 8. dxe5 Bf5 9. Bd3 Bxd3 10. cxd3 Nc6 11. O-O O-O-O 12. d4 Nxd4 13. Nc3 Bb4 14. f4 Bxc3 15. bxc3 Ne2+ 16. Kf2 Nxc1 17. Rfxc1 Rd2+ 18. Kf3 Rhd8 19. h4 f5 20. exf6 gxf6 21. g4 h5 22. gxh5 f5 23. Re1 Rh2 24. Kg3 Rc2 25. Re3 Rg8+ 26. Kh3 Rh8 27. Rae1 Rxh5 28. Re8+ Kd7 29. R8e7+ Kc6 30. R1e6+ Kb5 31. Rxc7 b6 32. Re5+ Ka6 33. Ree7 Rh6 34. Rxa7+ Kb5 35. Rac7 Rd6 36. Re5+ Ka6 37. Rxf5 Rxa2 38. h5 Rd3+ 39. Kg4 Rg2+ 40. Kh4 Rd1 41. Kh3 Rg8 42. Rg5 Rf8 43. Rc4 Rf7 44. Rd4 Rc1 45. c4 Re7 46. Rg6 Re2 47. Kg4 Rh1 48. h6 Ka5 49. Rd5+ Kb4 50. Rxb6+ Kxc4 51. Rg5 Kd4 52. Rb8 Rf2 53. Rd8+ Kc4 54. Kf5 Rxh6 55. Rf8 Kd4 56. Rg6 Rh5+ 57. Rg5 Rh7 58. Rd8+ Ke3 59. Kg6 Rfh2 60. f5 R2h6# 0-1


[Site "https://www.chess.com"]

[Event "Late Titled Tuesday Blitz February 8 2022"]
[White "Nilsen, Tobias Lang"]
[Black "Ponkratov, Pavel"]
[WhiteFideId "1521624"]
[BlackFideId "4157800"]
[WhiteElo "2013"]
[BlackElo "2487"]
[Result "1-0"]
[Round "01"]
[TimeControl "180+1"]
[Date "2022.02.08"]
[WhiteClock "0:00:41"]
[BlackClock "0:01:22"]

1. f4 e5 2. fxe5 d6 3. e4 Qh4+ 4. Ke2 Qxe4+ 5. Kf2 dxe5 6. d4 Qh4+ 7. g3 Qxd4+ 8. Qxd4 exd4 9. Nf3 c5 10. Bg2 Nc6 11. Re1+ Be7 12. c3 Nf6 13. cxd4 cxd4 14. Na3 O-O 15. Nb5 Rd8 16. Bf4 Nd5 17. Nc7 Nxc7 18. Bxc7 Rd7 19. Bf4 h6 20. Rad1 g5 21. Bc1 Rd8 22. a3 Be6 23. b4 a6 24. Bb2 Bf6 25. Rd2 Rac8 26. Red1 Kg7 27. Nxd4 Nxd4 28. Bxd4 Bxd4+ 29. Rxd4 Rc2+ 30. Kg1 Rxd4 31. Rxd4 b5 32. Bb7 Bh3 33. Bxa6 Rg2+ 34. Kh1 Ra2 35. Kg1 Rxa3 36. Bxb5 Ra1+ 37. Kf2 Rh1 38. Bc6 Rxh2+ 39. Ke3 Rb2 40. b5 Be6 41. Rd2 Rb1 42. Kd4 f5 43. Ke5 Re1+ 44. Kd6 Kf6 45. Rb2 Rd1+ 46. Kc7 Rc1 47. b6 Bd5 48. b7 Rxc6+ 49. Kd7 Rc2 50. b8=Q Be6+ 51. Kd6 1-0


[Site "https://www.chess.com"]

[Event "Late Titled Tuesday Blitz February 8 2022"]
[White "Novikov, Evgenij"]
[Black "Shoker, Samy"]
[WhiteFideId "4125380"]
[BlackFideId "627143"]
[WhiteElo "2242"]
[BlackElo "2493"]
[Result "0-1"]
[Round "01"]
[TimeControl "180+1"]
[Date "2022.02.09"]
[WhiteClock "0:00:08"]
[BlackClock "0:01:25"]

1. e4 d6 2. d4 Nf6 3. Nc3 g6 4. f3 c6 5. Be3 b5 6. a3 Nbd7 7. Nge2 Bb7 8. g4 Nb6 9. Ng3 h5 10. g5 Nfd7 11. h4 Bg7 12. f4 Qc7 13. Qf3 a6 14. Rd1 c5 15. d5 b4 16. axb4 cxb4 17. Nce2 Bxb2 18. Nd4 Bc3+ 19. Kf2 Nc4 20. Bxc4 Qxc4 21. Rd3 Nc5 22. Rdd1 a5 23. f5 a4 24. f6 e5 25. dxe6 Nxe6 26. Nxe6 Qxe6 27. Bd4 Rc8 28. Ne2 Bxe4 29. Qe3 Bxh1 30. Qxe6+ fxe6 31. f7+ Kxf7 32. Bxh8 Bxh8 33. Rxh1 Rxc2 0-1


[Site "https://www.chess.com"]

[Event "Late Titled Tuesday Blitz February 8 2022"]
[White "Novikova, Galina"]
[Black "Stoleriu, George"]
[WhiteFideId "4157095"]
[BlackFideId "1227505"]
[WhiteElo "1863"]
[BlackElo "2203"]
[Result "0-1"]
[Round "01"]
[TimeControl "180+1"]
[Date "2022.02.09"]
[WhiteClock "0:00:05"]
[BlackClock "0:00:12"]

1. e4 e6 2. Nf3 d5 3. e5 c5 4. b4 cxb4 5. a3 Nc6 6. axb4 Bxb4 7. c3 Ba5 8. d4 a6 9. Bd3 h6 10. O-O Nge7 11. Bc2 b5 12. Nfd2 b4 13. Nb3 Bb6 14. Qg4 g6 15. Kh1 a5 16. Bd3 Ba6 17. Bxa6 Rxa6 18. cxb4 Nxb4 19. Na3 Qd7 20. Qe2 Nf5 21. Be3 O-O 22. Nb5 a4 23. Nd6 Nxd6 24. exd6 axb3 25. Rxa6 Nxa6 26. Qxa6 Qxd6 27. Qb5 Rb8 28. Qxb3 Bxd4 29. Qd3 Bxe3 30. fxe3 Qe5 31. Qa3 Qf5 32. Qa1 Qg5 33. Qa7 Rf8 34. h3 Qe5 35. Kg1 Kg7 36. Kh1 g5 37. Kg1 Kg6 38. Kh1 f5 39. Rb1 f4 40. exf4 Rxf4 41. Qa5 Qf5 42. Qb5 h5 43. Qe8+ Qf7 44. Qb5 g4 45. hxg4 hxg4 46. Qd3+ Qf5 47. Qb5 g3 48. Kg1 Qf7 49. Re1 Re4 50. Qb1 Qf5 51. Rf1 Qh5 0-1


[Site "https://www.chess.com"]

[Event "Late Titled Tuesday Blitz February 8 2022"]
[White "Olcayoz, Alper"]
[Black "Golubka, Petro"]
[WhiteFideId "6300405"]
[BlackFideId "14114224"]
[WhiteElo "2255"]
[BlackElo "2392"]
[Result "0-1"]
[Round "01"]
[TimeControl "180+1"]
[Date "2022.02.09"]
[WhiteClock "0:00:04"]
[BlackClock "0:00:15"]

1. e4 c5 2. Nc3 Nc6 3. Bb5 Nd4 4. Nf3 Nxb5 5. Nxb5 a6 6. Nc3 d6 7. O-O e5 8. h3 f5 9. d3 f4 10. Nd5 Nf6 11. Nxf6+ Qxf6 12. c3 g5 13. Nh2 h5 14. d4 g4 15. dxe5 dxe5 16. Qd5 gxh3 17. g3 Be7 18. Kh1 fxg3 19. fxg3 Qe6 20. c4 Rg8 21. Rf3 Bd7 22. Bd2 O-O-O 23. Ba5 Rdf8 24. Raf1 Rxf3 25. Rxf3 Rg6 26. Rf7 Bd6 27. Nf3 Bc6 28. Rf8+ Kd7 29. Nxe5+ Ke7 30. Nxc6+ bxc6 31. Qxe6+ Kxe6 32. Rf5 Rxg3 33. Rxh5 Rf3 34. Bc3 Rf1# 0-1


[Site "https://www.chess.com"]

[Event "Late Titled Tuesday Blitz February 8 2022"]
[White "Ortiz Verdezoto, Anahi"]
[Black "Jobava, Baadur"]
[WhiteFideId "3614581"]
[BlackFideId "13601520"]
[WhiteElo "1785"]
[BlackElo "2617"]
[Result "0-1"]
[Round "01"]
[TimeControl "180+1"]
[Date "2022.02.08"]
[WhiteClock "0:00:53"]
[BlackClock "0:02:04"]

1. d4 Nf6 2. c4 c5 3. d5 e6 4. Nc3 exd5 5. cxd5 d6 6. e4 g6 7. Bg5 h6 8. Be3 Bg7 9. h3 Na6 10. Bd3 Nc7 11. Nf3 Rb8 12. a4 a6 13. a5 O-O 14. O-O Re8 15. Qd2 Kh7 16. Rfe1 Bd7 17. Bf4 Bb5 18. Bc2 b6 19. axb6 Rxb6 20. e5 dxe5 21. Nxe5 Rf8 22. Rad1 Be8 23. Be3 Rxb2 24. Bxc5 Rg8 25. Bxg6+ fxg6 26. Qxb2 Nb5 27. Nc6 Qa8 28. Nxb5 axb5 29. Qxb5 Nxd5 30. Rxe8 Rxe8 31. Rxd5 Re6 32. Rd6 Qa1+ 33. Kh2 Be5+ 34. Nxe5 Qxe5+ 35. g3 Rxd6 36. Qb7+ Kg8 37. Qc8+ Kf7 38. Qc7+ Ke6 39. Bxd6 Qxd6 40. Qxd6+ Kxd6 41. Kg2 Ke5 42. Kf3 Kd4 43. Kg4 Ke4 44. f3+ Ke3 45. f4 Kf2 46. Kh4 Kf3 47. f5 gxf5 48. Kh5 Kxg3 49. Kxh6 f4 50. Kg6 f3 51. h4 f2 52. h5 f1=Q 53. h6 Qa1 54. h7 Qh8 0-1


[Site "https://www.chess.com"]

[Event "Late Titled Tuesday Blitz February 8 2022"]
[White "Ozates, Tuna"]
[Black "Izoria, Zviad"]
[WhiteFideId "6354521"]
[BlackFideId "13601733"]
[WhiteElo "1872"]
[BlackElo "2626"]
[Result "0-1"]
[Round "01"]
[TimeControl "180+1"]
[Date "2022.02.09"]
[WhiteClock "0:00:01"]
[BlackClock "0:00:20"]

1. e4 c5 2. Nf3 a6 3. c3 e6 4. d4 d5 5. e5 Bd7 6. Bd3 cxd4 7. cxd4 Bb5 8. Nc3 Bxd3 9. Qxd3 Ne7 10. g4 Nec6 11. h4 Nd7 12. h5 Nb6 13. g5 Be7 14. Rg1 g6 15. h6 Rc8 16. Nh2 Nc4 17. Ng4 Qb6 18. Be3 Qxb2 19. Rb1 Nb4 20. Qe2 Qxc3+ 21. Kf1 O-O 22. Nf6+ Bxf6 23. gxf6 Qc2 24. Rxb4 Qf5 25. Rxb7 Qh3+ 26. Ke1 Rb8 27. Rb3 a5 28. Rg3 Qh1+ 29. Qf1 Qe4 30. Qd3 Qxd3 31. Rxd3 Rb1+ 32. Rd1 Rfb8 33. Bd2 R8b2 34. Rxb1 Rxb1+ 35. Ke2 a4 36. a3 Rb2 37. Rd3 Ra2 38. Ke1 Rxa3 39. Bc3 Ra2 40. f4 Rh2 41. Kd1 a3 42. Ba1 Rh1+ 43. Ke2 Rxa1 44. Rb3 Ra2+ 45. Kd3 Rb2 46. Rc3 Kf8 0-1


[Site "https://www.chess.com"]

[Event "Late Titled Tuesday Blitz February 8 2022"]
[White "Ozen, Deniz"]
[Black "Lewicki, Miroslaw"]
[WhiteFideId "6349196"]
[BlackFideId "1113380"]
[WhiteElo "2326"]
[BlackElo "2283"]
[Result "1-0"]
[Round "01"]
[TimeControl "180+1"]
[Date "2022.02.09"]
[WhiteClock "0:00:05"]
[BlackClock "0:00:01"]

1. d4 a6 2. e4 b5 3. Nf3 Bb7 4. Bd3 g6 5. O-O Bg7 6. c3 e6 7. Re1 Ne7 8. Nbd2 O-O 9. Nf1 d6 10. Ng3 c5 11. Be3 Nd7 12. Qd2 Rc8 13. Rad1 Nb6 14. Bh6 cxd4 15. cxd4 Nc4 16. Bxc4 Rxc4 17. Bxg7 Kxg7 18. b3 Rc7 19. h4 h5 20. Qg5 Nc6 21. Nxh5+ Kh7 22. Nf6+ Kg7 23. e5 Ne7 24. Nh5+ Kh7 25. Nf6+ Kg7 26. h5 Bxf3 27. gxf3 Nf5 28. Rd2 Rc3 29. Kg2 dxe5 30. dxe5 Nh4+ 31. Kh1 Nxf3 32. Rxd8 Rxd8 33. h6+ Kh8 34. Qf4 Nxe1 35. Ne4 Rf3 36. Qg5 Rd1 37. Kh2 Rdd3 38. Qe7 Rh3+ 39. Kg1 Nf3+ 40. Kf1 Rd1+ 41. Kg2 Nh4+ 42. Kxh3 Rh1+ 43. Kg4 1-0


[Site "https://www.chess.com"]

[Event "Late Titled Tuesday Blitz February 8 2022"]
[White "Papasimakopoulos, Alexandros"]
[Black "Gracia Alvarez, Gerardo Antonio"]
[WhiteFideId "4244125"]
[BlackFideId "5109124"]
[WhiteElo "2340"]
[BlackElo "2139"]
[Result "1-0"]
[Round "01"]
[TimeControl "180+1"]
[Date "2022.02.09"]
[WhiteClock "0:00:07"]
[BlackClock "0:00:06"]

1. d4 Nf6 2. c4 c5 3. d5 b5 4. Nf3 g6 5. cxb5 a6 6. e3 Bg7 7. Nc3 O-O 8. a4 d6 9. Ra3 e6 10. bxa6 Nxa6 11. dxe6 Bxe6 12. Bxa6 Rxa6 13. O-O Qb6 14. e4 Rb8 15. Qe2 Raa8 16. Rd1 Qc6 17. Ng5 Bb3 18. Rd2 h6 19. Nf3 Bxa4 20. e5 dxe5 21. Nxe5 Qe8 22. Nc4 Qxe2 23. Rxe2 Bc6 24. f3 Rxa3 25. Nxa3 Nd5 26. Nxd5 Bxd5 27. Rc2 Bb3 28. Re2 Rd8 29. Be3 Rd1+ 30. Kf2 c4 31. Nb5 Rd3 32. Nc3 f5 33. g3 Kf7 34. Nb5 Bd1 35. Rd2 Rxd2+ 36. Bxd2 Bxb2 37. Bc3 Bxc3 38. Nxc3 Bb3 39. Ke3 Kf6 40. Kd4 g5 41. Nd5+ Ke6 42. Nb6 Bd1 43. f4 Be2 44. Nxc4 Bf3 45. Ne5 Bb7 46. Kc5 Be4 47. Nc6 Bg2 48. Nd4+ Kf6 49. Kd6 Be4 50. Ne6 Bb1 51. Nc5 Bc2 52. Nd7+ Kg6 53. Ke7 Ba4 54. Ne5+ Kh5 55. Kf6 Bc2 56. Nf3 gxf4 57. gxf4 Kg4 58. Nd4 Bd3 59. Ke5 h5 60. h3+ Kxh3 61. Nxf5 Kg4 62. Nh6+ Kg3 63. f5 h4 64. f6 Bc4 65. Nf5+ Kg4 66. Ne3+ Kg5 67. Nxc4 Kg6 68. Ke6 h3 69. Ne5+ Kh7 70. Nf3 Kg8 71. Ke7 Kh7 72. f7 Kg6 73. Nh2 1-0


[Site "https://www.chess.com"]

[Event "Late Titled Tuesday Blitz February 8 2022"]
[White "Paravyan, David"]
[Black "Cunha, Lucas Aguiar"]
[WhiteFideId "4194985"]
[BlackFideId "2125404"]
[WhiteElo "2569"]
[BlackElo "2361"]
[Result "1-0"]
[Round "01"]
[TimeControl "180+1"]
[Date "2022.02.08"]
[WhiteClock "0:00:31"]
[BlackClock "0:00:37"]

1. e4 c5 2. Nf3 e6 3. d4 cxd4 4. Nxd4 Nc6 5. Nc3 Qc7 6. Be2 a6 7. Nxc6 bxc6 8. Qd3 Nf6 9. Qg3 e5 10. O-O d6 11. Kh1 h5 12. Bg5 Be7 13. h3 Rb8 14. b3 Rb4 15. Bc4 h4 16. Qf3 a5 17. a3 Rb8 18. Rad1 Be6 19. Bxe6 fxe6 20. Nb1 d5 21. Nd2 Bxa3 22. Bxf6 O-O 23. Qg4 Rxf6 24. Nf3 Rbf8 25. Qxh4 Rf4 26. Qh5 Qf7 27. Qxf7+ R8xf7 28. Rd2 Bd6 29. Re2 Rxf3 30. gxf3 Rxf3 31. Kg2 Rc3 32. Rd1 Kf7 33. Rd3 Rc5 34. c4 d4 35. Ra2 g5 36. Kf3 Kg6 37. Kg4 Be7 38. Ra4 Bd8 39. Rd1 Be7 40. Kf3 Kh5 41. Rg1 Bd8 42. Rg4 Bf6 43. Ke2 Be7 44. Kd3 Bf6 45. Rg3 Kh4 46. Rf3 Bd8 47. Ra1 Kh5 48. Rf8 Be7 49. Re8 Bf6 50. Rxe6 Kg6 51. Rd6 Kf7 52. Rd7+ Ke6 53. Ra7 Bd8 54. f3 Kd6 55. Rg1 Ke6 56. h4 gxh4 57. Rg6+ Bf6 58. Rh7 a4 59. b4 1-0


[Site "https://www.chess.com"]

[Event "Late Titled Tuesday Blitz February 8 2022"]
[White "Pinheiro, Iung Alicio de O."]
[Black "Sailer, Mike"]
[WhiteFideId "2104350"]
[BlackFideId "2012901"]
[WhiteElo "2584"]
[BlackElo "2109"]
[Result "1-0"]
[Round "01"]
[TimeControl "180+1"]
[Date "2022.02.09"]
[WhiteClock "0:01:10"]
[BlackClock "0:00:45"]

1. e4 d5 2. exd5 Qxd5 3. Nc3 Qd6 4. d4 Nf6 5. Nf3 c6 6. Ne5 Nbd7 7. f4 g6 8. Bc4 e6 9. Qe2 Bg7 10. Be3 Nb6 11. Bb3 Nbd5 12. O-O-O Nxc3 13. bxc3 Qa3+ 14. Kb1 a5 15. Nc4 Qe7 16. Nb6 Rb8 17. f5 gxf5 18. Bf4 a4 19. Bxa4 Ra8 20. Nxa8 Qa3 21. Nc7+ Kd8 22. Bb3 Bf8 23. Bg5 Be7 24. Qe5 Rg8 25. Bxf6 Bxf6 26. Qxf6+ 1-0


[Site "https://www.chess.com"]

[Event "Late Titled Tuesday Blitz February 8 2022"]
[White "Plotkin, Mark"]
[Black "Garagulya, Konstantin"]
[WhiteFideId "2611651"]
[BlackFideId "4128931"]
[WhiteElo "2178"]
[BlackElo "2329"]
[Result "1-0"]
[Round "01"]
[TimeControl "180+1"]
[Date "2022.02.09"]
[WhiteClock "0:02:28"]
[BlackClock "0:02:32"]

1. e4 c5 2. d4 cxd4 3. c3 d5 4. exd5 Qxd5 5. cxd4 Nf6 6. Nf3 e6 7. Nc3 Qd6 8. Bd3 Nc6 9. O-O a6 10. Bg5 Be7 11. Re1 O-O 12. Rc1 Rd8 13. Ne2 b5 14. Bf4 Qd7 15. Ne5 Nxe5 16. Bxe5 Bb7 17. Rc7 Qd5 18. Nf4 Qxa2 19. Rxe7 Bc6 20. Bxf6 gxf6 21. Qh5 1-0


[Site "https://www.chess.com"]

[Event "Late Titled Tuesday Blitz February 8 2022"]
[White "Poormosavi, Seyed Kian"]
[Black "Hess, Robert"]
[WhiteFideId "12585807"]
[BlackFideId "2022036"]
[WhiteElo "2116"]
[BlackElo "2557"]
[Result "0-1"]
[Round "01"]
[TimeControl "180+1"]
[Date "2022.02.08"]
[WhiteClock "0:00:02"]
[BlackClock "0:00:04"]

1. e4 g6 2. Nf3 Bg7 3. Bc4 e6 4. O-O Ne7 5. d4 a6 6. c3 d6 7. Bf4 Nd7 8. Qc1 h6 9. Nbd2 b6 10. Re1 Bb7 11. h3 g5 12. Bg3 Ng6 13. d5 e5 14. Nf1 Nf6 15. Bd3 Nf4 16. Bc2 Bc8 17. Ne3 N6h5 18. Nh2 Bd7 19. Nhf1 Bf6 20. Bh2 Qc8 21. Bd1 Ng7 22. Qd2 h5 23. c4 g4 24. hxg4 hxg4 25. Bxf4 exf4 26. Nf5 f3 27. gxf3 gxf3 28. Bxf3 Nxf5 29. exf5+ Kf8 30. Ng3 Be5 31. Rxe5 dxe5 32. f6 Bf5 33. Qg5 Bg6 34. Re1 Qh3 35. Re3 Re8 36. Bg2 Qh2+ 37. Kf1 Qh4 38. Qxh4 Rxh4 39. b3 b5 40. c5 Rf4 41. d6 cxd6 42. cxd6 Rxf6 43. Bf3 Rxd6 44. Kg2 f5 45. Rc3 e4 46. Be2 f4 47. Nh5 f3+ 48. Bxf3 exf3+ 49. Rxf3+ Ke7 50. Ng7 Be4 51. Nxe8 Kxe8 0-1


[Site "https://www.chess.com"]

[Event "Late Titled Tuesday Blitz February 8 2022"]
[White "Pourkashiyan, Atousa"]
[Black "Erigaisi Arjun"]
[WhiteFideId "12502014"]
[BlackFideId "35009192"]
[WhiteElo "2247"]
[BlackElo "2745"]
[Result "1/2-1/2"]
[Round "01"]
[TimeControl "180+1"]
[Date "2022.02.08"]
[WhiteClock "0:00:27"]
[BlackClock "0:00:56"]

1. e4 e6 2. d4 d5 3. Nd2 Nf6 4. e5 Ne4 5. Nxe4 dxe4 6. Bf4 c5 7. dxc5 Qxd1+ 8. Rxd1 Bxc5 9. Bb5+ Bd7 10. Bxd7+ Nxd7 11. Ne2 O-O-O 12. Nc3 Bb4 13. Ke2 Bxc3 14. bxc3 Nb6 15. Rd4 Rxd4 16. cxd4 Kd7 17. Ke3 Rc8 18. Rc1 Rc3+ 19. Kxe4 f5+ 20. exf6 gxf6 21. g4 Nd5 22. Bd2 Ra3 23. c4 Rxa2 24. cxd5 Rxd2 25. dxe6+ Kxe6 26. Rc7 Re2+ 27. Kf3 Rb2 28. Rxh7 a5 29. d5+ Kxd5 30. Rh5+ Ke6 31. Rxa5 b5 32. h4 Rb3+ 33. Kf4 Rb4+ 34. Kg3 Rb3+ 35. f3 Rb1 36. h5 Ke5 37. h6 Ke6 38. Kf4 Rb4+ 39. Kg3 Rb1 40. Ra7 Rh1 41. h7 b4 42. Kg2 Rh4 43. Kg3 Rh1 44. Kg2 Rh4 45. Rb7 b3 46. Rb6+ Ke5 47. Rb5+ Ke6 48. Rh5 Rxh5 49. gxh5 b2 50. h8=Q b1=Q 51. Qe8+ Kd6 52. Qf8+ Ke6 53. Qe8+ Kd6 54. Qd8+ Ke6 55. Qg8+ Kd6 56. Qg3+ Ke7 57. Qc7+ Kf8 58. Qd6+ Kg7 59. Qe7+ Kh6 60. Qxf6+ Kxh5 61. Qf7+ Qg6+ 62. Qxg6+ Kxg6 63. Kg3 Kg5 64. f4+ Kf5 65. Kf3 Kf6 66. Kg4 Kg6 67. f5+ Kf6 68. Kf4 Kf7 69. Kg5 Kg7 70. f6+ Kf7 71. Kf5 Kf8 72. Kg6 Kg8 73. Kf5 Kf7 74. Ke5 Kf8 75. Ke6 Ke8 76. f7+ Kf8 77. Kf6 1/2-1/2


[Site "https://www.chess.com"]

[Event "Late Titled Tuesday Blitz February 8 2022"]
[White "Pranav, V"]
[Black "Degardin, Sylvain"]
[WhiteFideId "25060783"]
[BlackFideId "20623070"]
[WhiteElo "2349"]
[BlackElo "2156"]
[Result "1-0"]
[Round "01"]
[TimeControl "180+1"]
[Date "2022.02.08"]
[WhiteClock "0:01:09"]
[BlackClock "0:00:02"]

1. e4 c5 2. Nf3 d6 3. c3 Nf6 4. Be2 Bd7 5. d3 g6 6. O-O Bg7 7. Re1 O-O 8. Bf1 Bg4 9. Nbd2 Nc6 10. h3 Bxf3 11. Nxf3 Rb8 12. d4 Nd7 13. Be3 b5 14. a3 a5 15. Qd2 Qc7 16. Bh6 Rfc8 17. Rac1 Qb6 18. e5 dxe5 19. Bxg7 Kxg7 20. d5 Nd8 21. Nxe5 Nxe5 22. Rxe5 Qf6 23. Rce1 Rc7 24. R5e4 c4 25. g4 Nb7 26. g5 Qd6 27. Qd4+ Kg8 28. Rh4 Nc5 29. Bg2 Rd8 30. Rh6 Rcd7 31. Qh4 Nd3 32. Rxh7 1-0


[Site "https://www.chess.com"]

[Event "Late Titled Tuesday Blitz February 8 2022"]
[White "Prohorov, Olexandr"]
[Black "Lopez Mulet, Inigo"]
[WhiteFideId "14105578"]
[BlackFideId "22235620"]
[WhiteElo "1993"]
[BlackElo "2315"]
[Result "0-1"]
[Round "01"]
[TimeControl "180+1"]
[Date "2022.02.09"]
[WhiteClock "0:00:31"]
[BlackClock "0:01:34"]

1. e4 g6 2. d4 Bg7 3. Nc3 c5 4. Be3 Qa5 5. Nf3 Nf6 6. Qd2 Ng4 7. Bg5 cxd4 8. Nd5 Qxd2+ 9. Kxd2 Nxf2 10. Nc7+ Kd8 11. Nxa8 Nxh1 12. Ke1 b6 13. Bc4 Bb7 14. Ke2 Bxa8 15. Rxh1 h6 16. Bf4 d6 17. Rd1 Bxe4 18. Nxd4 Bxg2 19. Nb5 Bh3 20. Ke3 g5 21. Bg3 f5 22. Be1 f4+ 23. Kf2 Nc6 24. b3 a6 25. Nc3 Bd4+ 26. Ke2 Bg4+ 0-1


[Site "https://www.chess.com"]

[Event "Late Titled Tuesday Blitz February 8 2022"]
[White "Proleiko, Julian"]
[Black "Nihal Sarin"]
[WhiteFideId "30900255"]
[BlackFideId "25092340"]
[WhiteElo "2116"]
[BlackElo "2705"]
[Result "0-1"]
[Round "01"]
[TimeControl "180+1"]
[Date "2022.02.08"]
[WhiteClock "0:00:07"]
[BlackClock "0:00:50"]

1. e4 e5 2. Nf3 Nc6 3. Nc3 Nf6 4. Bb5 Bd6 5. d3 Ne7 6. O-O Ng6 7. a4 c6 8. Bc4 O-O 9. Re1 Bc7 10. Bb3 h6 11. Ne2 d5 12. Ng3 Re8 13. h3 Be6 14. Bd2 Qd7 15. Bc3 Rad8 16. exd5 Bxd5 17. Ne4 Nxe4 18. dxe4 Bxb3 19. cxb3 Qe6 20. Qc2 Nf4 21. Rad1 Qg6 22. g3 Nxh3+ 23. Kh2 Qh5 24. Kg2 Nf4+ 25. gxf4 Qg4+ 26. Kf1 Qxf3 27. Rxd8 Rxd8 28. fxe5 Rd3 29. b4 Qh1+ 30. Ke2 Qxe4+ 31. Kf1 Qh1+ 32. Ke2 Qf3+ 33. Kf1 h5 34. Kg1 Qg4+ 35. Kf1 Qh3+ 36. Ke2 Qf3+ 37. Kf1 h4 38. e6 fxe6 39. Qb3 Qh3+ 40. Ke2 Qf3+ 41. Kf1 Rd5 42. Re3 Qh1+ 43. Ke2 Qg1 44. b5 Bb6 45. bxc6 Bxe3 46. Kxe3 bxc6 47. Qb8+ Kh7 48. Qxa7 Qg5+ 49. Ke2 Qg4+ 50. Ke3 h3 51. Qf7 h2 0-1


[Site "https://www.chess.com"]

[Event "Late Titled Tuesday Blitz February 8 2022"]
[White "Przybylski, Wojciech"]
[Black "Mekhitarian, Krikor Sevag"]
[WhiteFideId "1117599"]
[BlackFideId "2107660"]
[WhiteElo "2133"]
[BlackElo "2598"]
[Result "0-1"]
[Round "01"]
[TimeControl "180+1"]
[Date "2022.02.09"]
[WhiteClock "0:00:10"]
[BlackClock "0:00:12"]

1. e4 c5 2. Nf3 g6 3. c4 Nc6 4. Nc3 Bg7 5. Be2 d6 6. O-O Bg4 7. d3 e6 8. Be3 Nge7 9. Ne1 Bxe2 10. Qxe2 O-O 11. a3 a6 12. Rb1 Rb8 13. Nc2 b5 14. h3 bxc4 15. dxc4 Rb3 16. Nd1 Qb8 17. Bc1 Nd4 18. Nxd4 Bxd4 19. Qc2 Nc6 20. Kh1 Qb7 21. f4 Bg7 22. Rf3 Rxf3 23. gxf3 Nd4 24. Qd3 a5 25. b4 axb4 26. axb4 cxb4 27. Bb2 Qb6 28. Bc3 Rc8 29. Rxb4 Qc5 30. Rb7 h5 31. Rd7 Qxc4 32. Qxc4 Rxc4 33. Rxd6 Nxf3 34. Rd8+ Kh7 35. Rd3 Nh4 36. Re3 Bxc3 37. Nxc3 Rd4 38. e5 Rxf4 39. Ne4 Kg7 40. Nf6 Nf3 41. Nd7 Nd4 42. Rd3 Nc6 43. Kg2 Re4 44. Rc3 Nxe5 45. Nc5 Rc4 46. Rxc4 Nxc4 47. Ne4 Ne5 48. Nd6 Nd7 49. Ne8+ Kf8 50. Nd6 Ke7 51. Ne4 f5 52. Nc3 Kf6 53. Kf3 g5 54. Kg3 Ne5 55. Nb5 h4+ 56. Kg2 Ng6 57. Nd6 Nf4+ 58. Kh2 e5 59. Nb5 e4 60. Nd4 Ne6 61. Nb3 Ke5 62. Nd2 f4 63. Nc4+ Kd5 64. Nd6 Kxd6 65. Kg2 Ke5 66. Kf2 Kd4 67. Kg2 Ke3 68. Kf1 Kf3 69. Kg1 Ke2 70. Kh2 f3 71. Kg1 e3 72. Kh2 f2 73. Kg2 f1=Q+ 74. Kh2 Qf2+ 75. Kh1 g4 76. hxg4 Nf4 77. g5 Qg2# 0-1


[Site "https://www.chess.com"]

[Event "Late Titled Tuesday Blitz February 8 2022"]
[White "Pulvett Marin, Daniel Eduardo"]
[Black "Chabris, Christopher"]
[WhiteFideId "3900410"]
[BlackFideId "2005263"]
[WhiteElo "2413"]
[BlackElo "2304"]
[Result "1-0"]
[Round "01"]
[TimeControl "180+1"]
[Date "2022.02.09"]
[WhiteClock "0:01:39"]
[BlackClock "0:00:27"]

1. d4 d5 2. c4 c6 3. Nc3 Nf6 4. e3 e6 5. Nf3 Nbd7 6. Qc2 Bd6 7. Bd3 dxc4 8. Bxc4 b5 9. Bd3 Bb7 10. O-O O-O 11. a3 a5 12. e4 e5 13. dxe5 Nxe5 14. Nxe5 Bxe5 15. h3 h6 16. Rd1 Qc7 17. Be3 Rfe8 18. Rac1 Qe7 19. Ne2 Rad8 20. f4 Bb8 21. Bc5 Qe6 22. e5 Nd5 23. Bh7+ Kh8 24. Bf5 Ne3 25. Bxe3 Rxd1+ 26. Rxd1 Qa2 27. Nc3 Qc4 28. b3 1-0


[Site "https://www.chess.com"]

[Event "Late Titled Tuesday Blitz February 8 2022"]
[White "Quirke, Jeffrey"]
[Black "Al Hosani, Omran"]
[WhiteFideId "2013029"]
[BlackFideId "9308733"]
[WhiteElo "2238"]
[BlackElo "2246"]
[Result "1-0"]
[Round "01"]
[TimeControl "180+1"]
[Date "2022.02.09"]
[WhiteClock "0:00:05"]
[BlackClock "0:00:02"]

1. d4 Nf6 2. c4 e6 3. Nc3 d5 4. cxd5 exd5 5. Bg5 Be7 6. e3 O-O 7. Bd3 c6 8. Qc2 h6 9. Bh4 Re8 10. Nge2 Nbd7 11. f3 Nf8 12. O-O Ne6 13. Rad1 b5 14. Kh1 Bb7 15. Bf2 Rc8 16. e4 Bf8 17. e5 Nd7 18. f4 a6 19. f5 Ng5 20. h4 Ne4 21. Nxe4 dxe4 22. Bxe4 Nb6 23. Bg3 Nc4 24. Qc1 f6 25. e6 Bd6 26. Nf4 Qc7 27. b3 Nb6 28. Rf3 c5 29. Bxb7 Qxb7 30. Nh5 Bf8 31. dxc5 Rxc5 32. Qf4 Rc2 33. Qg4 Kh8 34. Bf4 Nd5 35. Bxh6 gxh6 36. Qg6 Rcc8 37. Rg3 Qh7 38. Rxd5 Qxg6 39. fxg6 Red8 40. g7+ Bxg7 41. Rxd8+ Rxd8 42. Nxg7 Rd1+ 43. Kh2 Re1 44. Nf5 Rxe6 45. Rg6 Re2 46. Rxh6+ Kg8 47. Rxf6 Rxa2 48. Rb6 Ra3 49. Kh3 Rxb3+ 50. g3 Ra3 51. h5 Rf3 52. Kg4 Rf1 53. Kg5 b4 54. g4 a5 55. Rb7 Rg1 56. h6 a4 57. Kh5 a3 58. g5 a2 59. Kg6 Rxg5+ 60. Kxg5 a1=Q 61. Rb8+ Kf7 62. h7 Qf6+ 63. Kf4 b3 64. h8=Q Qxh8 65. Rxh8 b2 66. Rb8 b1=Q 67. Rxb1 1-0


[Site "https://www.chess.com"]

[Event "Late Titled Tuesday Blitz February 8 2022"]
[White "Ruiz Aguilar, Pablo Alexander"]
[Black "Horvath, Dominik"]
[WhiteFideId "4401352"]
[BlackFideId "1642561"]
[WhiteElo "2125"]
[BlackElo "2336"]
[Result "0-1"]
[Round "01"]
[TimeControl "180+1"]
[Date "2022.02.09"]
[WhiteClock "0:00:21"]
[BlackClock "0:00:18"]

1. e4 e6 2. d4 d5 3. e5 c5 4. c3 Nc6 5. Nf3 Bd7 6. Be2 Nge7 7. a3 cxd4 8. cxd4 Nf5 9. b4 Be7 10. O-O O-O 11. Bb2 Rc8 12. Nc3 Nh4 13. Nxh4 Bxh4 14. Rc1 f6 15. exf6 Qxf6 16. g3 Bg5 17. f4 Bh6 18. Nb5 Qe7 19. Nc3 g5 20. fxg5 Qxg5 21. Nb5 e5 22. dxe5 d4 23. Nd6 Qe3+ 24. Kh1 Nxe5 25. Nxc8 Qe4+ 26. Bf3 Nxf3 27. Ne7+ Qxe7 28. Rxf3 Qe4 29. Kg2 Bxc1 30. Bxc1 Bc6 31. Qb3+ Bd5 32. Qxd5+ Qxd5 33. Bf4 d3 34. Kf2 d2 0-1


[Site "https://www.chess.com"]